 Dungeon Crawl Stone Soup version 0.26-a0-1086-g9010512d90 (webtiles) character file.

Game seed: 315737373932163324

131488 dolemite99 the Warrior (level 17, -5/163 HPs)
             Began as a Hill Orc Fighter on Dec 14, 2020.
             Was the Champion of Beogh.
             Slain by a tarantella (11 damage)
             ... on level 3 of the Spider Nest on Dec 15, 2020.
             The game lasted 00:53:34 (40486 turns).

dolemite99 the Warrior (Hill Orc Fighter)          Turns: 40486, Time: 00:53:34

Health: -5/163     AC: 13    Str: 32      XL:     17   Next: 10%
Magic:  1/24       EV:  8    Int:  7 (8)  God:    Beogh [******]
Gold:   1611       SH: 14    Dex:  8 (10) Spells: 16/16 levels left

rFire    . . .     SeeInvis +   a - +7 broad axe (chaos)
rCold    . . .     Faith    .   c - +0 kite shield
rNeg     . . .     Spirit   .   q - +0 plate armour
rPois    +         Reflect  .   F - +0 hat {SInv}
rElec    .         Harm     .   I - +1 cloak
rCorr    .         Rampage  .   o - +2 pair of gloves
Will     +....                  G - +2 pair of boots
Stlth    ..........             s - amulet of regeneration
HPRegen  0.77/turn              J - +6 ring of strength {=R}
MPRegen  0.19/turn              n - ring of poison resistance

@: lethally poisoned (-5 -> -5), corroded
A: walk on water, blurry vision 1
a: Smiting, Recall Orcish Followers, Give Item to Named Follower, Resurrection,
Renounce Religion


You were on level 3 of the Spider Nest.
You worshipped Beogh.
Beogh was exalted by your worship.
You visited 4 branches of the dungeon, and saw 27 of its levels.

You collected 2545 gold pieces.
You spent 934 gold pieces at shops.

Inventory:

Hand Weapons
 a - a +7 broad axe of chaos (weapon)
 e - a +0 dire flail of holy wrath
Missiles
 V - a javelin (quivered)
Armour
 c - a +0 kite shield (worn)
 o - a +2 pair of gloves (worn)
 q - a +0 plate armour (worn)
 F - a +0 hat of see invisible (worn)
 G - a +2 pair of boots (worn)
 I - a +1 cloak (worn)
Jewellery
 n - a ring of poison resistance (right hand)
 s - an amulet of regeneration (around neck)
 C - the ring "Vieczul" {Fire Int+4}
   (You found it on level 2 of the Spider Nest)

   [ring of fire]

   It enhances your fire magic.
   It affects your intelligence (+4).
   It protects you from fire.
   It makes you vulnerable to cold.
 J - a +6 ring of strength (left hand) {=R}
 P - an uncursed ring of ice
 U - the ring of Suspicion {+Inv rF+++ Will+ Str-5 Dex+2}
   (You found it on level 12 of the Dungeon)

   [ring of willpower]

   It affects your strength (-5).
   It affects your dexterity (+2).
   It renders you almost immune to fire.
   It affects your willpower, your defense against some magical effects.
   It lets you turn invisible.
 Y - a +4 ring of evasion
Wands
 h - a wand of iceblast (15)
 k - a wand of enslavement (1)
 m - a wand of disintegration (29)
 E - a wand of digging (12)
 K - a wand of paralysis (1)
 W - a wand of flame (44)
 X - a wand of polymorph (23)
 Z - a wand of random effects (21)
Scrolls
 j - 7 scrolls of teleportation
 p - 7 scrolls of magic mapping
 t - 3 scrolls of fog
 v - 4 scrolls of fear
 y - 6 scrolls of amnesia
 B - a scroll of blinking
 N - 14 scrolls of remove curse {@r2}
 R - 2 scrolls of vulnerability
 T - a scroll of enchant armour
Potions
 d - a potion of might
 f - 3 potions of resistance
 g - 5 potions of berserk rage
 i - 3 potions of flight
 l - 3 potions of degeneration
 r - 2 potions of haste
 u - a potion of cancellation
 w - 5 potions of lignification
 x - 2 potions of brilliance
 z - a potion of mutation
 A - 5 potions of attraction
 H - a potion of invisibility
 L - 2 potions of curing
 S - a potion of ambrosia
Miscellaneous
 D - a box of beasts (inert)
 M - a tin of tremorstones (inert)
 O - a lightning rod (inert)


   Skills:
 + Level 17.7 Fighting
 - Level 16.8(18.3) Axes
 - Level 11.1(14.2) Maces & Flails
 - Level 13.1 Armour
 - Level 13.7 Shields
 - Level 10.4 Invocations
 - Level 7.4 Evocations


You had 16 spell levels left.
You didn't know any spells.
Your spell library contained the following spells:

 Spells                   Type           Power        Failure   Level
 Animate Skeleton         Necr           #.....       96%         1
 Apportation              Tloc           #.....       96%         1
 Corona                   Hex            #......      96%         1
 Foxfire                  Conj/Fire      #...         96%         1
 Magic Dart               Conj           #...         96%         1
 Summon Small Mammal      Summ           #...         96%         1
 Searing Ray              Conj           #.....       99%         2
 Confusing Touch          Hex            #.......     100%        3
 Conjure Flame            Conj/Fire      #.......     100%        3
 Dazzling Flash           Conj/Hex       #.....       100%        3
 Gell's Gravitas          Tloc           #.........   100%        3
 Inner Flame              Hex/Fire       #.......     100%        3
 Ozocubu's Armour         Ice            #.......     100%        3
 Cause Fear               Hex            #.........   100%        4
 Fulminant Prism          Conj/Hex       #.........   100%        4
 Iskenderun's Mystic Bla  Conj/Tloc      #.......     100%        4
 Petrify                  Tmut/Erth      #.......     100%        4
 Sticky Flame             Conj/Fire      #.......     100%        4
 Alistair's Intoxication  Tmut/Pois      #........    100%        5
 Fireball                 Conj/Fire      #.........   100%        5
 Metabolic Englaciation   Hex/Ice        #.........   100%        5
 Silence                  Hex/Air        #.........   100%        5
 Yara's Violent Unravell  Hex/Tmut       #.........   100%        5
 Ozocubu's Refrigeration  Ice            #.........   100%        6
 Simulacrum               Ice/Necr       #.........   100%        6
 Discord                  Hex            #.........   100%        8


Dungeon Overview and Level Annotations

Branches:
Dungeon (15/15)            Temple (0/1) D:6            Lair (6/6) D:8
  Swamp (0/4) Lair:3       Spider (4/4) Lair:2        Slime (0/5) Lair:5
    Orc (2/2) D:10            Elf (0/3) Orc:2        Vaults (0/5) D:14
 Depths (0/5) D:15

Altars:
Ashenzari
Fedhas
Kikubaaqudgha
Makhleb
Ru
Uskayaw
Jiyva

Shops:
D:6 [   D:7 *   D:8 (   Orc:2 :[(?

Annotations:
Lair:4 exclusion: 3 oklob plants
Lair:6 exclusion: oklob plant


Innate Abilities, Weirdness & Mutations

You can walk on water.
Scrolls take you a little longer to read.


Message History

You feel sick. You block the tarantella's attack.
The entropy weaver gestures at you while chanting.
The entropic weave corrodes you! You block the tarantella's attack.
Evoke which item? (* to show all) (? for menu, Esc to quit)
Aiming: Thunderbolt
Press: ? - help, Shift-Dir - straight line, f/p - entropy weaver
Aim: an entropy weaver (heavily wounded)
The thunderbolt hits the entropy weaver!!
You kill the entropy weaver!
Beogh accepts your kill.
The lightning rod overheats!
The tarantella bites you!
* * * LOW HITPOINT WARNING * * *
You closely miss the tarantella.
The tarantella is lightly wounded.
You feel sick. You block the tarantella's attack.
The tarantella bites you but does no damage.
You miss the tarantella.
The tarantella is lightly wounded.
The tarantella bites you!
You die...

###...##########≈##
###^....#.##^##≈≈#..##
####...^.....#...≈.#^.^.####
#^###.^.....>#...#.........###
#..^#.........^..#^.^Bss..#≈≈#
....#^.........^.#...ss...^^≈##
....##.^.........#....y†...#≈≈#
.....#≈.........†#...B.....≈###
......#........s@#........≈≈##
^.....#........†##)..<.....≈≈#
......#..^.....##.......<..≈#####
...^...........≈^[........≈#≈#≈≈#
..............##).........≈≈...≈#
.....^........#.......##≈##....^≈
.............##................##
.^^.......^..#^..............^.#
###..........#.........^.......##


You could see a tarantella.

Vanquished Creatures
  2 emperor scorpions
  A ghost moth (Spider:3)
  Azrael (D:13)
  Nessos (D:13)
  3 entropy weavers
  A vault guard (D:14)
  4 hydras
  Fannar (Lair:3)
  5 two-headed ogres
  2 centaur warriors
  The ghost of wythoutpain the Covert, a journeyman SpEn of Dithmenos (Orc:1)
  5 death yaks
  A tengu warrior (D:14)
  4 skeletal warriors (D:15)
  3 unseen horrors
  A bog body (Lair:3)
  A necromancer (D:14)
  5 orb spiders
  Pikel (D:9)
  A deep elf mage (D:14)
  A wizard (D:14)
  19 wolf spiders
  A mana viper (Spider:3)
  5 ugly things
  An orc sorcerer (Orc:2)
  2 cyclopes
  A black mamba (Lair:5)
  6 elephants
  A moth of wrath (Spider:3)
  A gargoyle (D:15)
  3 cane toads
  2 centaur skeletons
  3 rime drakes
  2 kobold demonologists (D:11)
  4 komodo dragons
  5 demonic crawlers
  A polar bear (Lair:1)
  A queen bee (D:8)
  2 trolls
  Prince Ribbit (D:9)
  18 jumping spiders
  4 hornets
  15 blink frogs
  6 slime creatures
  31 tarantellas
  65 redbacks
  A vampire (D:13)
  A shadow (D:14)
  2 fire elementals (D:13)
  A hog (D:15)
  48 yaks
  A wyvern (D:8)
  2 basilisks
  A steam dragon (Lair:4)
  5 humans (D:14)
  A golden eye (shapeshifter) (D:15)
  5 vampire mosquitoes (D:12)
  2 swamp worms (Lair:3)
  Edmund (D:6)
  2 wargs
  11 soldier ants (Lair:2)
  An acid dragon (D:14)
  4 hell hounds (D:13)
  6 water moccasins
  7 orc warriors
  5 ice beasts
  4 black bears
  3 sky beasts
  2 phantoms
  A swamp drake (Lair:4)
  A necrophage (D:12)
  7 ogres
  3 wolves
  4 boggarts (D:15)
  10 centaurs
  A lemure (D:9)
  Blork the orc (D:5)
  3 big kobolds
  15 bullfrogs
  A scorpion (shapeshifter) (D:15)
  A wyvern skeleton (D:12)
  2 scorpions
  11 killer bees (D:8)
  14 wights
  2 howler monkeys
  4 electric eels
  2 centaur zombies
  3 quasits
  3 bullfrog zombies
  4 jellies
  4 hounds
  14 orc priests
  3 bullfrog skeletons
  3 iguanas
  13 orc wizards
  14 worker ants
  A killer bee zombie (D:7)
  A hound zombie (D:5)
  2 hound skeletons
  A worker ant zombie (D:7)
  11 adders
  3 gnolls (D:6)
  2 shadow imps
  2 white imps
  3 ufetubi
  An ooze (D:5)
  2 dart slugs (D:3)
  2 leopard geckos
  26 orcs
  4 giant cockroaches
  4 goblins
  2 hobgoblins (D:2)
  10 jackals
  29 kobolds
  3 quokkas
  A ball python (D:5)
  6 bats
  5 frilled lizards
  4 rats
  A plant (Lair:1)
631 creatures vanquished.

Vanquished Creatures (collateral kills)
  Rupert (Lair:6)
  Kirke (D:15)
  An entropy weaver (Spider:3)
  An ogre mage (D:15)
  A vault guard (D:14)
  4 hydras
  3 boulder beetles
  Erica (Lair:2)
  2 catoblepae
  A queen ant (Lair:2)
  A deep troll shaman (Lair:6)
  Urug (Lair:4)
  7 two-headed ogres
  12 death yaks
  An orc high priest (Orc:2)
  3 skeletal warriors (D:15)
  An unseen horror (D:15)
  A bog body (Lair:3)
  A wizard (D:15)
  A necromancer (D:14)
  A lindwurm (Lair:6)
  4 orb spiders
  4 ugly things
  5 wolf spiders
  A deep elf mage (D:15)
  3 orc sorcerers (Orc:2)
  A manticore (D:12)
  3 elephants
  A centaur zombie (D:15)
  A black mamba (Lair:5)
  A centaur skeleton (D:10)
  A gargoyle (D:15)
  6 cane toads
  A yaktaur (D:14)
  2 demonic crawlers (Spider:1)
  A yaktaur (shapeshifter) (D:15)
  A rime drake (shapeshifter) (D:14)
  A komodo dragon (Lair:1)
  A tengu conjurer (D:14)
  A rime drake (Lair:3)
  A troll (D:13)
  A polar bear (Lair:6)
  A merfolk (shapeshifter) (D:15)
  6 jumping spiders
  A wolf spider simulacrum (D:13)
  19 blink frogs
  15 redbacks
  A shadow (D:12)
  A wyvern (Lair:5)
  5 tarantellas
  17 yaks
  A fire elemental (D:13)
  5 hogs (D:15)
  2 basilisks
  13 humans (D:14)
  A vampire mosquito (D:12)
  9 soldier ants (Lair:2)
  9 water moccasins
  A hell hound (D:13)
  An ice beast (D:10)
  A phantom (D:12)
  2 black bears
  3 orc warriors
  2 eyes of draining
  6 ogres
  A boggart (D:15)
  11 wolves
  3 big kobolds
  7 bullfrogs
  A water moccasin zombie (D:12)
  A wight (D:12)
  3 hounds (D:12)
  3 orc priests
  10 orc wizards
  13 worker ants
  5 orcs
  3 kobolds
  A butterfly (Lair:5)
271 creatures vanquished.

Vanquished Creatures (others)
  2 orc knights
  3 orc sorcerers
  An orc high priest (Lair:3)
  2 wolf spiders
  A jumping spider (Spider:4)
  15 orc wizards
  10 orc warriors
  A tarantella (Spider:1)
  A redback (Spider:1)
  18 orc priests
  19 orcs
  47 fungi
  99 plants
219 creatures vanquished.

Grand Total: 1121 creatures vanquished

Notes
Turn   | Place    | Note
-------+----------+-------------------------------------------
     0 | D:1      | dolemite99 the Hill Orc Fighter began the quest for the
                  | Orb.
     0 | D:1      | Reached XP level 1. HP: 19/19 MP: 1/1
   350 | D:1      | Reached XP level 2. HP: 24/26 MP: 2/2
   783 | D:2      | Reached XP level 3. HP: 31/31 MP: 3/3
   928 | D:2      | Reached skill level 5 in Axes
  1019 | D:2      | Reached XP level 4. HP: 38/39 MP: 4/4
  1153 | D:3      | Became a worshipper of Beogh the Brigand
  2034 | D:4      | Reached XP level 5. HP: 45/45 MP: 5/5
  2532 | D:4      | Reached XP level 6. HP: 42/51 MP: 6/6
  3208 | D:5      | Entered Level 5 of the Dungeon
  3291 | D:5      | Reached * piety under Beogh
  3719 | D:5      | Reached XP level 7. HP: 57/57 MP: 7/7
  3752 | D:5      | Noticed Blork the orc
  3772 | D:5      | Killed Blork the orc
  3773 | D:5      | Reached skill level 10 in Axes
  4323 | D:6      | Found Zethesarokk's Antique Armour Shoppe.
  4752 | D:6      | Noticed Edmund
  4776 | D:6      | Killed Edmund
  4782 | D:6      | Reached XP level 8. HP: 27/64 MP: 8/8
  6248 | D:6      | Found a staircase to the Ecumenical Temple.
  6830 | D:7      | Reached XP level 9. HP: 46/70 MP: 9/9
  7192 | D:7      | Found Othunkof's Assorted Antiques.
  7199 | D:7      | Found a blossoming altar of Fedhas.
  7287 | D:7      | Bought a scroll labelled FIFEPL POOGUE for 22 gold pieces
  7287 | D:7      | Bought a scroll labelled ZORU HALIUPH for 22 gold pieces
  7287 | D:7      | Bought a scroll labelled ZORU HALIUPH for 22 gold pieces
  7287 | D:7      | Bought a scroll labelled UFOGAO ZATTO for 22 gold pieces
  7287 | D:7      | Bought a scroll labelled ZORU HALIUPH for 22 gold pieces
  7287 | D:7      | Bought a red potion for 19 gold pieces
  7287 | D:7      | Bought a potion of lignification for 66 gold pieces
  7306 | D:7      | Found a broken altar of Ashenzari.
  7392 | D:7      | Reached skill level 4 in Fighting
  7564 | D:7      | Reached skill level 5 in Fighting
  7693 | D:7      | Reached ** piety under Beogh
  8409 | D:8      | Found Jabbang's Weapon Boutique.
  8419 | D:8      | Bought a +0 vampiric war axe for 150 gold pieces
  8540 | D:8      | Noticed an elephant
  8587 | D:8      | Killed an elephant
  8829 | D:8      | Found a staircase to the Lair.
  8893 | D:8      | Reached XP level 10. HP: 80/83 MP: 16/16
  8966 | D:8      | Noticed a two-headed ogre
  8983 | D:8      | Killed a two-headed ogre
  8984 | D:8      | Reached skill level 10 in Invocations
  9098 | D:8      | Found an ancient bone altar of Kikubaaqudgha.
  9128 | D:8      | Found a hide-covered altar of Uskayaw.
  9131 | D:8      | Found a sacrificial altar of Ru.
  9181 | D:8      | Found a burning altar of Makhleb.
  9265 | D:8      | Reached skill level 6 in Fighting
  9364 | D:8      | Reached skill level 7 in Fighting
  9919 | D:8      | Noticed a two-headed ogre
  9925 | D:8      | Killed a two-headed ogre
  9926 | D:8      | Reached skill level 9 in Fighting
 10014 | D:8      | Got a masterwork long sword
 10438 | D:9      | Noticed Pikel
 10460 | D:9      | Killed Pikel
 10461 | D:9      | Reached skill level 5 in Armour
 10558 | D:9      | Reached XP level 11. HP: 79/97 MP: 18/18
 12142 | D:9      | Noticed Prince Ribbit
 12154 | D:9      | Killed Prince Ribbit
 12488 | D:10     | Entered Level 10 of the Dungeon
 12541 | D:10     | Found a staircase to the Orcish Mines.
 12565 | D:10     | Reached *** piety under Beogh
 12681 | D:10     | Found a hide-covered altar of Uskayaw.
 13204 | D:11     | Reached skill level 10 in Armour
 13207 | D:11     | Noticed a sixfirhy
 13226 | D:11     | Noticed a sixfirhy
 13840 | D:11     | Reached skill level 1 in Maces & Flails
 13858 | D:11     | Reached **** piety under Beogh
 14126 | D:11     | Noticed a two-headed ogre
 14135 | D:11     | Killed a two-headed ogre
 14139 | D:11     | Reached skill level 5 in Maces & Flails
 15942 | Lair:1   | Entered Level 1 of the Lair of Beasts
 15960 | Lair:1   | Reached XP level 12. HP: 96/104 MP: 19/19
 16185 | Lair:1   | Noticed a five-headed hydra
 16194 | Lair:1   | Killed a five-headed hydra
 16202 | Lair:1   | Noticed a five-headed hydra
 16214 | Lair:1   | Killed a five-headed hydra
 16681 | Lair:1   | Noticed an eight-headed hydra
 16690 | Lair:1   | Killed an eight-headed hydra
 17230 | Lair:1   | Reached skill level 10 in Maces & Flails
 18175 | Lair:2   | Noticed a queen ant
 18205 | Lair:2   | Killed a queen ant
 18208 | Lair:2   | Gained Thorok as an ally
 18256 | Lair:2   | Gained Warrok as an ally
 18795 | Lair:2   | Noticed Erica
 18819 | Lair:2   | Killed Erica
 18820 | Lair:2   | Reached skill level 10 in Fighting
 19339 | Lair:2   | Noticed a five-headed hydra
 19346 | Lair:2   | Killed a five-headed hydra
 19347 | Lair:2   | Reached skill level 11 in Fighting
 19347 | Lair:2   | Reached XP level 13. HP: 106/116 MP: 20/20
 19360 | Lair:2   | Found a hole to the Spider Nest.
 20122 | Lair:3   | Reached skill level 12 in Fighting
 20554 | Lair:3   | Noticed Fannar
 20561 | Lair:3   | Killed Fannar
 21159 | Lair:3   | Found a staircase to the Swamp.
 21626 | Lair:4   | Got a crude long sword
 21685 | Lair:4   | Reached skill level 13 in Fighting
 22784 | Lair:4   | Noticed Urug
 22793 | Lair:4   | Killed Urug
 24054 | Lair:5   | Reached skill level 15 in Axes
 24476 | Lair:5   | Found a viscous altar of Jiyva.
 24476 | Lair:5   | Found a staircase to the Slime Pits.
 24751 | Lair:6   | Entered Level 6 of the Lair of Beasts
 24754 | Lair:6   | Reached XP level 14. HP: 129/129 MP: 21/21
 24972 | Lair:6   | Noticed Rupert
 24974 | Lair:6   | Paralysed by Rupert for 7 turns
 24991 | Lair:6   | Killed Rupert
 25539 | Lair:6   | Reached skill level 1 in Evocations
 25843 | Lair:6   | Reached skill level 5 in Evocations
 28589 | D:12     | Got a transparent scale mail
 29005 | D:12     | Got a glittering glass ring
 29007 | D:12     | Identified the ring of Suspicion {+Inv rF+++ Will+ Str-5
                  | Dex+2} (You found it on level 12 of the Dungeon)
 29326 | D:13     | Noticed Azrael
 29340 | D:13     | Reached skill level 5 in Shields
 29346 | D:13     | Killed Azrael
 29350 | D:13     | Your ally Warrok died
 29920 | D:13     | Reached XP level 15. HP: 130/137 MP: 22/22
 30056 | D:13     | Noticed Nessos
 30065 | D:13     | Killed Nessos
 30390 | D:13     | Identified the cursed +0 scale mail of Eryps {*Slow Regen+
                  | Dex+8} (You found it on level 12 of the Dungeon)
 30645 | D:14     | Identified the cursed +1 long sword "Iluch" {freeze, rF+
                  | Int+4 Stlth+} (You found it on level 8 of the Dungeon)
 31506 | D:14     | Gained Morbeogh as an ally
 31510 | D:14     | Reached ***** piety under Beogh
 31633 | D:14     | Found a gate to the Vaults.
 31922 | Orc:1    | Entered Level 1 of the Orcish Mines
 32046 | Orc:1    | Noticed wythoutpain's ghost (journeyman SpEn)
 32047 | Orc:1    | Found a transporter.
 32048 | Orc:1    | Identified the cursed +1 great mace of Liothrog {drain,
                  | *Rage +Inv rN+ Dex+4}
 32048 | Orc:1    | Identified the +6 great mace "Bes Can" {elec, Int+2}
 32057 | Orc:1    | Found a transporter.
 32063 | Orc:1    | Reached skill level 10 in Shields
 32074 | Orc:1    | Killed wythoutpain's ghost
 32850 | Orc:2    | Entered Level 2 of the Orcish Mines
 32851 | Orc:2    | Identified the cursed +1 long sword "Fog Reak" {flame,
                  | +Rage rPois Dex-3} (You found it on level 4 of the Lair of
                  | Beasts)
 32974 | Orc:2    | Gained Bogwald as an ally
 32982 | Orc:2    | Gained Argrim as an ally
 32986 | Orc:2    | Found Nenee's Magic Scroll Boutique.
 32986 | Orc:2    | Found Yxoups's Book Shop.
 32986 | Orc:2    | Found Lusarph Epaut's Armour Shop.
 32993 | Orc:2    | Found Ajalucuc's Antique Weapon Boutique.
 32993 | Orc:2    | Your ally Argrim died
 33067 | Orc:2    | Bought a +2 pair of boots for 181 gold pieces
 33081 | Orc:2    | Bought a scroll of fog for 32 gold pieces
 33081 | Orc:2    | Bought a scroll of teleportation for 48 gold pieces
 33081 | Orc:2    | Bought a scroll of fear for 56 gold pieces
 33081 | Orc:2    | Bought a scroll of magic mapping for 56 gold pieces
 33081 | Orc:2    | Bought a scroll of enchant weapon for 120 gold pieces
 33081 | Orc:2    | Bought 2 scrolls of teleportation for 96 gold pieces
 33082 | Orc:2    | Upgraded the game from 0.26-a0-1060-g086102a3f0 to
                  | 0.26-a0-1086-g9010512d90
 33116 | Orc:2    | Gained mutation: Scrolls take you a little longer to read.
                  | [a neqoxec]
 33134 | Orc:2    | Found a staircase to the Elven Halls.
 33624 | D:15     | Entered Level 15 of the Dungeon
 33624 | D:15     | Noticed Kirke
 33630 | D:15     | Gained Orbeogh as an ally
 33635 | D:15     | Your ally Bogwald died
 33645 | D:15     | Killed Kirke
 33831 | D:15     | Found a staircase to the Depths.
 34105 | D:15     | Reached skill level 14 in Fighting
 35394 | Spider:1 | Entered Level 1 of the Spider Nest
 35405 | Spider:1 | Reached XP level 16. HP: 138/147 MP: 23/23
 35433 | Spider:1 | Gained Hilgar as an ally
 35447 | Spider:1 | Reached ****** piety under Beogh
 36340 | Spider:1 | Gained Borgk as an ally
 37528 | Spider:2 | Identified the Incunabulum of Freezing Changing
 37555 | Spider:2 | Reached skill level 15 in Fighting
 38222 | Spider:2 | Got a heavily runed silver ring
 38224 | Spider:2 | Identified the ring "Vieczul" {Fire Int+4} (You found it on
                  | level 2 of the Spider Nest)
 38252 | Spider:2 | Gained Blodwig as an ally
 39114 | Spider:3 | Reached skill level 16 in Fighting
 39116 | Spider:3 | Your ally Blodwig died
 39691 | Spider:3 | Reached skill level 17 in Fighting
 40043 | Spider:4 | Entered Level 4 of the Spider Nest
 40223 | Spider:4 | Reached XP level 17. HP: 143/161 MP: 0/24
 40478 | Spider:3 | HP: 8/162 [entropy weaver (11)]
 40479 | Spider:3 | HP: 1/162 [entropy weaver (3)]
 40484 | Spider:3 | HP: 6/162 [tarantella (12)]
 40486 | Spider:3 | Slain by a tarantella

Illustrated notes

Levels and vault maps discovered:
D:1:      minmay_arrival_shattered_statue, layout_basic
D:2:      layout_loops_ring
D:3:      layout_basic
D:4:      lemuel_upstairs_altar, layout_loops_corners
D:5:      layout_basic, chequers_avenue, minmay_diced_spiral, uniq_blork_the_orc
D:6:      layout_basic, minmay_temple_entry_fiery, serial_shops, shop,
          small_statue_intersection, lemuel_flame_loot_1, uniq_edmund
D:7:      layout_basic, lemuel_doored_altar, nicolae_overflow_hidden_temple,
          serial_shops, shop
D:8:      layout_loops_cross, grunt_temple_overflow_cloverleaf,
          david_lair_generic, serial_shops,
          nicolae_shop_temple_entry_statues_fountains, minmay_door_square,
          minmay_misc_feat_doors, nicolae_looking_at_the_future
D:9:      layout_stronghold, serial_column_ruins, column_ruins_square_medium,
          column_ruins_corridor_corner, column_ruins_corridor_corner,
          column_ruins_open_medium, column_ruins_corridor_straight,
          column_ruins_open_small_water, uniq_pikel, uniq_prince_ribbit1
D:10:     layout_basic, orc_0_dummy, basic_altar, grunt_decor_clamped
D:11:     layout_loops_corners
D:12:     layout_layer_cave
D:13:     layout_roguey, uniq_azrael, uniq_nessos
D:14:     layout_basic, grunt_vaults_entry_tiered,
          chequers_serial_rivers_small_b
D:15:     gammafunk_enter_depths_forms, layout_basic, grunt_decor_fettered,
          uniq_kirke
Lair:1:   layout_loops_ring, beast_lair_carwin_3
Lair:2:   layout_cave_pods, dummy_spider_entry, minivault_29,
          serial_bayou_shore_b, serial_bayou_shore_b, grunt_megastairs_3,
          uniq_erica
Lair:3:   layout_cellular_growth, nicolae_swamp_entry_splash_gauntlet,
          uniq_fannar
Lair:4:   layout_cave_pods, portal_ice_cave_entry_pillars_1,
          gauntlet_entry_generic, guppyfry_lair_drakes,
          minmay_lair_oklob_chamber, uniq_urug
Lair:5:   layout_gridlike, slime_altar_1, infiniplex_staircase_pool,
          lemuel_fruit_tree, lemuel_fruit_fields, grunt_megastairs_5
Lair:6:   grunt_lair_end_beastmaster, layout_small_grid, uniq_rupert
Spider:1: layout_spider_delve
Spider:2: layout_spider_delve
Spider:3: layout_spider_delve, guppyfry_spider_mini_3
Spider:4: spider_rune_water
Orc:1:    layout_caves, gammafunk_ghost_smash
Orc:2:    st_orc_mages, layout_caves

Skill      XL: |  1  2  3  4  5  6  7  8  9 10 11 12 13 14 15 16 |
---------------+-------------------------------------------------+-----
Axes           | 3 4 5 7 8 9 11 14 15 16 | 16.8
Fighting       | 5 9 11 13 14 17 | 17.7
Invocations    | 8 10 | 10.4
Armour         | 6 10 11 12 13 | 13.1
Maces & Flails | 6 11 | 11.1
Evocations     | 7 |  7.4
Shields        | 7 12 13 | 13.7

Action                   |  1- 3 |  4- 6 |  7- 9 | 10-12 | 13-15 | 16-18 || total
-------------------------+-------+-------+-------+-------+-------+-------++-------
Melee: War axe           |    86 |   105 |   110 |   142 |       |       ||   443
       Dire flail        |       |       |   241 |   488 |   140 |       ||   869
       Broad axe         |       |       |       |       |   561 |   349 ||   910
Throw: Boomerang         |       |       |    11 |    14 |       |       ||    25
       Dart              |       |       |       |    11 |     4 |       ||    15
       Javelin           |       |       |       |       |    15 |    52 ||    67
Invok: Convert to Beogh  |       |     1 |       |       |       |       ||     1
       Smiting           |       |       |       |    15 |    29 |     5 ||    49
       Recall Orcish Fol |       |       |       |     4 |     9 |     5 ||    18
       Give Item to Name |       |       |       |       |     4 |       ||     4
Evoke: Wand              |       |       |       |     5 |    17 |    17 ||    39
       Lightning rod     |       |       |       |       |    13 |     8 ||    21
       Tin of tremorston |       |       |       |       |       |     4 ||     4
       Box of beasts     |       |       |       |       |       |     1 ||     1
  Use: Potion            |       |       |     3 |     4 |     3 |     8 ||    18
       Scroll            |       |       |    18 |     5 |    14 |     4 ||    41
 Stab: Distracted        |       |       |       |     2 |    11 |     4 ||    17
       Paralysed         |       |       |       |     2 |     4 |     2 ||     8
       Confused          |       |       |       |       |       |     1 ||     1
Armor: Scale mail        |    45 |     2 |       |       |       |       ||    47
       Plate armour      |       |    64 |   236 |   418 |   375 |   299 ||  1392
Dodge: Dodged            |    32 |    14 |   114 |   177 |   149 |   124 ||   610
Block: Kite shield       |    34 |    46 |    15 |       |   292 |   337 ||   724

Table legend: (Time is in decaauts)
 A = Elapsed time spent in this place.
 B = Non-inter-level travel time spent in this place.
 C = Inter-level travel time spent in this place.
 D = Time resting spent in this place.
 E = Time spent auto-exploring this place.
 F = Levels seen in this place.
 G = Mean time per level.
                   A        B        C        D        E       F      G
               +--------+--------+--------+--------+--------+-----+--------+
         Total |  40288 |  38550 |   1738 |  15658 |  16240 |  27 | 1492.1 |
       Dungeon |  21942 |  20774 |   1168 |   7921 |   9479 |  15 | 1462.8 |
          Lair |  11988 |  11719 |    269 |   5274 |   4492 |   6 | 1998.0 |
   Spider Nest |   4747 |   4521 |    226 |   2035 |   1565 |   4 | 1186.8 |
  Orcish Mines |   1610 |   1536 |     74 |    427 |    703 |   2 |  805.0 |
               +--------+--------+--------+--------+--------+-----+--------+

Top non-repeatable levels by time:
  Lair:6: 2537 daAuts
     D:9: 2416 daAuts
  Lair:2: 2415 daAuts
     D:8: 2401 daAuts
Spider:2: 2302 daAuts
  Lair:1: 2283 daAuts
     D:7: 2055 daAuts
    D:11: 2023 daAuts
  Lair:4: 1934 daAuts
     D:5: 1882 daAuts
  Lair:3: 1595 daAuts
     D:4: 1439 daAuts
    D:15: 1427 daAuts
    D:10: 1404 daAuts
    D:14: 1324 daAuts
